 Dungeon Crawl Stone Soup version 0.22-a0-617-g6d95e9e505 (webtiles) character file.

58 Hercules1031 the Skirmisher (level 3, 0/29 HPs)
             Began as a Demonspawn Monk on July 12, 2018.
             Slain by an orc (4 damage)
             ... on level 2 of the Dungeon.
             The game lasted 00:04:57 (1186 turns).

Hercules1031 the Skirmisher (Demonspawn Monk)       Turns: 1186, Time: 00:04:58

Health: 0/29       AC:  7    Str: 12    XL:     3   Next: 75%
Magic:  3/3        EV: 10    Int: 11    God:
Gold:   75         SH:  0    Dex: 15    Spells: 2/2 levels left

rFire    . . .     SeeInvis +   a - +0 hand axe
rCold    . . .     Gourm    .   (no shield)
rNeg     . . .     Faith    .   k - +0 scale mail
rPois    .         Spirit   .   (no helmet)
rElec    .         Reflect  .   g - +0 cloak
rCorr    .         Harm     .   (no gloves)
MR       .....                  (no boots)
Stlth    ..........             (no amulet)
HPRegen  0.09/turn              p - ring of see invisible
MPRegen  0.08/turn              (no ring)

@: no status effects
A: hooves 1, demonic guardian 1
a: no special abilities


You were on level 2 of the Dungeon.
You were not hungry.

You visited 1 branch of the dungeon, and saw 2 of its levels.

You collected 75 gold pieces.

Inventory:

Hand Weapons
 a - a +0 hand axe (weapon)
Armour
 b - a +0 robe
 e - a +0 ring mail
 g - a +0 cloak (worn)
 k - a +0 scale mail (worn)
Jewellery
 p - a ring of see invisible (left hand)
Scrolls
 f - 3 scrolls of teleportation {unknown}
 h - 3 scrolls of enchant armour {unknown}
 i - a scroll of enchant weapon {unknown}
 l - a scroll of blinking {unknown}
 n - a scroll of remove curse {unknown}
 q - a scroll of noise {unknown}
Potions
 d - a potion of invisibility
Comestibles
 c - 5 rations


   Skills:
 + Level 3.4 Fighting
 + Level 3.1 Axes
 * Level 1.8 Armour
 + Level 3.0 Dodging
 - Level 1.7 Stealth


You had 2 spell levels left.
You didn't know any spells.
Your spell library was empty.

Dungeon Overview and Level Annotations

Branches:
Dungeon (2/15)

Altars:


Innate Abilities, Weirdness & Mutations

You have large cloven feet.
A weak demonic guardian rushes to your aid.


Message History

The rat completely misses your white imp.
The orc priest closely misses your white imp.
Unknown command.
You hit the orc but do no damage. Your kick misses the orc.
The orc is severely wounded.
Your white imp disappears in a puff of smoke!
The orc closely misses you.
You hit the orc but do no damage. You kick the orc, but do no damage.
The orc is severely wounded.
You closely miss the orc priest. You hit the rat but do no damage.
The orc misses you. The rat closely misses you.
The orc priest barely misses you.
The orc priest hits your shadow imp with a hand axe.
Your shadow imp hits the orc but does no damage.
You catch the helpless orc completely off-guard!
You hit the orc. You kick the orc, but do no damage.
The orc is almost dead.
You hit the rat but do no damage. You closely miss the orc priest.
The orc hits you.
You die...

#...... #.... #......
#.... #...... #..>.
#...... #....##
#...... #.....#
#...... #...).#
###.... #...or##
####. #..5o@.######
#. ######......# #.
######.##### ##†
#.....####.. ######
#####..##... #....#
##.#.... #....#
#......
#....###########.....
#....................


You could see an orc priest, an orc, a rat and a friendly shadow imp.

Vanquished Creatures
  2 adders (D:2)
  A dart slug (D:2)
  2 leopard geckos
  2 orcs (D:2)
  A giant cockroach (D:1)
  3 goblins
  2 jackals (D:2)
  A quokka (D:2)
  6 bats
  A frilled lizard (D:1)
  9 kobolds
  3 rats
33 creatures vanquished.

Vanquished Creatures (collateral kills)
  An orc (D:2)
  A kobold (D:2)
2 creatures vanquished.

Grand Total: 35 creatures vanquished

Notes
Turn   | Place    | Note
-------+----------+-------------------------------------------
     0 | D:1      | Hercules1031 the Demonspawn Monk began the quest for the Orb.
     0 | D:1      | Reached XP level 1. HP: 18/18 MP: 1/1
   316 | D:1      | Gained mutation: A weak demonic guardian rushes to your aid. [demonic ancestry]
   316 | D:1      | Reached XP level 2. HP: 16/24 MP: 2/2
   838 | D:2      | Reached skill level 1 in Armour
  1002 | D:2      | Gained mutation: You have large cloven feet. [demonic ancestry]
  1002 | D:2      | Reached XP level 3. HP: 7/29 MP: 3/3
  1186 | D:2      | Slain by an orc

Vault maps used:
D:1:      eino_arrival_water_cross, serial_corexii_hall, corexii_hall_statues_i,
          corexii_hall_statues_l

Skill      XL: |  1  2  3 |
---------------+----------+-----
Armour         | 1 |  1.8
Axes           | 3 |  3.1
Dodging        | 3 |  3.0
Fighting       | |  3.4
Stealth        | |  1.7

Action                   || total
-------------------------++-------
Melee: Hand axe          ||   130
       Kick              ||    15
  Use: Potion            ||     4
 Stab: Distracted        ||     2
       Invisible         ||     2
  Eat: Ration            ||     1
Armor: Ring mail         ||     8
       Scale mail        ||    56
Dodge: Dodged            ||    92

Table legend:
 A = Spawn XP
 B = Non-spawn XP
 C = Spawn XP percentage of total XP
 D = Spawn monster count
 E = Non-spawn monster count
 F = Spawn count percentage of total count
 G = Total turns spent on level
                    A         B        C        D         E        F      G
               +---------+---------+-------+---------+---------+-------+---------
         Total |       0 |      83 |   0.0 |       0 |      35 |   0.0 |  1186
               +---------+---------+-------+---------+---------+-------+---------
           D:1 |       0 |      18 |   0.0 |       0 |      13 |   0.0 |   828
           D:2 |       0 |      65 |   0.0 |       0 |      22 |   0.0 |   358
               +---------+---------+-------+---------+---------+-------+---------
